 Dungeon Crawl Stone Soup version 0.25.1-2-g60ff931 (webtiles) character file.

Game seed: 15658692688462023566

164 warborn304 the Chopper (level 5, -8/42 HPs)
             Began as a Human Chaos Knight on Sept 26, 2020.
             Was a Plaything of Xom.
             Killed by divine providence
             ... invoked by an orc priest
              (17 damage)
             ... on level 4 of the Dungeon.
             The game lasted 00:03:05 (3330 turns).

warborn304 the Chopper (Human Chaos Knight)         Turns: 3330, Time: 00:03:06

Health: -8/42      AC:  9    Str: 13    XL:     5   Next: 73%
Magic:  5/5        EV: 12    Int: 12    God:    Xom [....*.]
Gold:   194        SH:  7    Dex: 13    Spells: 4/4 levels left

rFire    . . .     SeeInvis .   a - +0 hand axe (chaos)
rCold    + . .     Gourm    .   s - +0 kite shield
rNeg     . . .     Faith    .   w - +2 ring mail {rC+}
rPois    .         Spirit   .   f - +1 helmet
rElec    .         Reflect  .   (no cloak)
rCorr    .         Harm     .   (no gloves)
MR       .....                  (no boots)
Stlth    +.........             (no amulet)
HPRegen  0.14/turn              d - +4 ring of evasion
MPRegen  0.09/turn              (no ring)

@: no status effects
A: thin metallic scales 1, deformed body
a: Renounce Religion


You were on level 4 of the Dungeon.
You worshipped Xom.
You were a beloved toy of Xom.
You were hungry.

You visited 1 branch of the dungeon, and saw 4 of its levels.

You collected 194 gold pieces.

Inventory:

Hand Weapons
 a - a +0 hand axe of chaos (weapon)
Armour
 b - a +2 leather armour
 f - a +1 helmet (worn)
 g - a +0 leather armour
 q - a +0 plate armour
 s - a +0 kite shield (worn)
 t - a +0 tower shield
 w - a +2 ring mail of cold resistance (worn)
Jewellery
 d - a +4 ring of evasion (left hand)
 y - a cursed -4 ring of protection {unknown}
Scrolls
 h - 4 scrolls of identify {unknown}
 i - 2 scrolls of random uselessness {unknown}
 j - a scroll of immolation {unknown}
 k - 2 scrolls of fear {unknown}
 m - 4 scrolls of amnesia {unknown}
 n - a scroll of remove curse {unknown}
 o - a scroll of teleportation {unknown}
 p - a scroll of enchant weapon {unknown}
 v - a scroll of fog {unknown}
Potions
 e - a potion of magic {unknown}
 l - 2 potions of haste {unknown}
 r - a potion of heal wounds {unknown}
 u - a potion of lignification {unknown}
 x - 2 potions of invisibility {unknown}
Comestibles
 c - 11 rations


   Skills:
 + Level 3.8 Fighting
 + Level 4.3 Axes
 + Level 2.9 Armour
 + Level 1.6 Dodging
 + Level 1.5 Stealth


You had 4 spell levels left.
You didn't know any spells.
Your spell library was empty.

Dungeon Overview and Level Annotations

Branches:
Dungeon (4/15)
 Temple: D:4-7

Altars:
Cheibriados
Nemelex Xobeh
Yredelemnul


Innate Abilities, Weirdness & Mutations

You are partially covered in thin metallic scales. (AC +2)
Armour fits poorly on your strangely shaped body.


Message History

You hit the orc priest. You freeze the orc priest.
The orc priest is moderately wounded.
The orc priest hits you but does no damage.
You closely miss the orc priest.
The orc priest is moderately wounded.
The orc priest begins to cast a cantrip, but forgets the words!
The orc priest hits you but does no damage.
You hit the orc priest. You freeze the orc priest.
The orc priest is severely wounded.
The orc priest hits you but does no damage.
You hit the orc priest.
You kill the orc priest!
Your life force feels restored.
The orc misses you.
You closely miss the orc. You block the orc's attack.
You barely miss the orc.
The orc priest mumbles some strange prayers to Beogh against you.
Beogh smites you!
You die...
Xom roars with laughter!

#################
#...oo@.........#
#.#############.##
#.........# #
#.######..######
######..#.....
#.......#.#### ##
#.....#...# #
....####.########
#.............#


You could see an orc priest and an orc.

Vanquished Creatures
  An orc priest (D:4)
  Natasha (thrice) (D:2)
  2 adders (D:3)
  A dart slug (D:1)
  7 orcs (D:3)
  A ball python (D:1)
  3 bats
  3 giant cockroaches
  A hobgoblin (D:2)
  6 kobolds
  A quokka (D:2)
  A frilled lizard (D:1)
  3 goblins
  2 rats (D:3)
  A spectral orc (D:3)
36 creatures vanquished.

Notes
Turn   | Place    | Note
-------+----------+-------------------------------------------
     0 | D:1      | warborn304 the Human Chaos Knight began the quest for the
                  | Orb.
     0 | D:1      | Reached XP level 1. HP: 18/18 MP: 1/1
   164 | D:1      | Reached XP level 2. HP: 15/24 MP: 2/2
   513 | D:1      | XOM: silly message
   818 | D:1      | XOM: silly message
   901 | D:2      | XOM: noise
  1160 | D:2      | Noticed Natasha
  1176 | D:2      | Killed Natasha
  1176 | D:2      | Reached XP level 3. HP: 12/29 MP: 3/3
  1390 | D:2      | Noticed Natasha
  1395 | D:2      | XOM: confuse monster(s)
  1397 | D:2      | Killed Natasha
  1397 | D:2      | Reached XP level 4. HP: 35/35 MP: 4/4
  1416 | D:2      | Noticed Natasha
  1425 | D:2      | Killed Natasha
  1425 | D:2      | Reached skill level 4 in Axes
  1684 | D:2      | XOM: summons 1 hostile demon
  2023 | D:2      | XOM: summons 4 hostile shadow creatures
  2123 | D:3      | Reached XP level 5. HP: 42/42 MP: 5/5
  2162 | D:3      | Found a snail-covered altar of Cheibriados.
  2424 | D:3      | XOM: give mutation
  2424 | D:3      | Gained mutation: You are partially covered in thin metallic
                  | scales. (AC +2) [Xom's grace]
  2455 | D:3      | Found a basalt altar of Yredelemnul.
  2554 | D:3      | Found a sparkling altar of Nemelex Xobeh.
  2632 | D:3      | Reached skill level 1 in Stealth
  2633 | D:3      | Found a glowing drain.
  2691 | D:3      | XOM: scenery: 1 doors close
  2814 | D:3      | XOM: cloud trail
  3243 | D:4      | XOM: give mutation
  3243 | D:4      | Gained mutation: Armour fits poorly on your strangely
                  | shaped body. [Xom's mischief]
  3330 | D:4      | Killed from afar by an orc priest

Illustrated notes

Levels and vault maps discovered:
D:1:      minmay_arrival_nine_rooms, layout_basic, st_stairs_14
D:2:      layout_loops_cross, uniq_natasha
D:3:      layout_basic, nemelex_xobeh_ov_fountains_minmay, cheibriados_altar_1,
          yredelemnul_forgotten_temple_becter, nicolae_overflow_hidden_temple,
          portal_sewer_entry_d, first_ration
D:4:      layout_basic, kennysheep_little_box, lemuel_doored_altar,
          vehumet_altar_wand_db, serial_shops,
          nicolae_shop_temple_entry_statues_fountains,
          nicolae_gozag_zags_fifth_avenue

Skill      XL: |  1  2  3  4  5 |
---------------+----------------+-----
Axes           | 4 |  4.3
Stealth        | 1 |  1.5
Fighting       | |  3.8
Armour         | |  2.9
Dodging        | |  1.6

Action                   |  1- 3 |  4- 6 || total
-------------------------+-------+-------++-------
Melee: Hand axe          |    56 |    91 ||   147
 Stab: Paralysed         |     1 |       ||     1
       Confused          |     1 |       ||     1
       Petrifying        |       |     3 ||     3
  Eat: Chunk             |     1 |     6 ||     7
Armor: Leather armour    |    11 |     9 ||    20
       Ring mail         |       |    14 ||    14
Dodge: Dodged            |    49 |    76 ||   125
Block: Kite shield       |       |    12 ||    12
